 Seeded DCSS version 0.29.1-12-g30fa7ad0bf (webtiles) character file.

Game seed: 9845822215292249863 (custom seed)

35 OTABOTABOTAB the Insei (level 3, 21/23 HPs)
             Began as an Octopode Transmuter on Jan 10, 2023.
             Quit the game on level 1 of the Dungeon.
             The game lasted 00:02:14 (897 turns).

OTABOTABOTAB the Insei (Octopode Transmuter)         Turns: 897, Time: 00:02:14

Health: 21/23      AC:  1    Str:  9    XL:     3   Next: 33%
Magic:  6/6        EV: 28    Int: 17    God:
Gold:   571        SH:  0    Dex: 12    Spells: 5/6 levels left

rFire   . . .      SeeInvis .     - Unarmed
rCold   . . .      Faith    .   (no shield)
rNeg    . . .      Spirit   .   (helmet restricted)
rPois   .          Reflect  .   g - amulet of the acrobat
rElec   .          Harm     .   (no ring)
rCorr   .          Rampage  .   (no ring)
Will    .....                   (no ring)
Stlth   ++........              (no ring)
HPRegen 0.07/turn               (no ring)
MPRegen 0.10/turn               (no ring)
                                (no ring)
                                (no ring)

@: acrobatic
A: almost no armour, amphibious, 8 rings, camouflage 1, gelatinous body 1,
(nimble swimmer 1), tentacles
a: no special abilities


You were on level 1 of the Dungeon.
You visited 1 branch of the dungeon, and saw 1 of its levels.

You collected 571 gold pieces.

Inventory:

Missiles
 d - 5 poisoned darts
 s - 10 stones
Magical Staves
 j - a staff of conjuration
   (You found it on level 1 of the Dungeon)
Jewellery
 g - an amulet of the acrobat (around mantle)
   (You found it on level 1 of the Dungeon)
 W - a ring of willpower
   (You found it on level 1 of the Dungeon)
 Z - a ring of wizardry {Wiz+, !d}
   (You acquired it on level 1 of the Dungeon)
Scrolls
 a - a scroll of teleportation {unknown}
 b - a scroll of identify {unknown}
 i - a scroll of acquirement
Potions
 c - a potion of heal wounds {unknown}
 e - a potion of curing {unknown}
 h - a potion of magic {unknown}
 P - a potion of lignification {!q}


   Skills:
 + Level 1.5 Fighting
 + Level 2.3 Dodging
 + Level 3.3 Unarmed Combat
 + Level 2.3 Spellcasting
 + Level 2.3 Transmutations


You had 5 spell levels left.
You knew the following spells:

 Your Spells              Type           Power      Damage    Failure   Level
a - Beastly Appendage     Tmut           20%        N/A       7%          1

Your spell library contained the following spells:

 Spells                   Type           Power      Damage    Failure   Level
 Wereblood                Tmut           10%        N/A       11%         2
 Spider Form              Tmut/Pois      5%         N/A       34%         3
 Ice Form                 Ice/Tmut       5%         N/A       75%         4


Dungeon Overview and Level Annotations

Branches:
Dungeon (1/15)

Altars:


Innate Abilities, Weirdness & Mutations

You cannot wear most types of armour.
You are amphibious.
You can wear up to eight rings at the same time.
Your skin changes colour to match your surroundings (Stealth+).
Your rubbery body absorbs attacks. (AC +1, EV +1)
((You are camouflaged when in or above water. (Stealth+)))
You have tentacles for arms and can constrict up to eight enemies at once.


Message History

Increase (s)trength, (i)ntelligence, or (d)exterity?
You feel clever. x2
You regained 4 hp, and now have 19/23 hp.
MP restored: 6 You see here a dart slug corpse.
The goblin shouts!
The goblin hits you with a +0 dagger.
You take 1 damage, and have 19/23 hp.
You tentacle-slap the goblin.
You kill the goblin!
You see here a +0 dagger.
g - an amulet of the acrobat You start putting on your amulet.
You continue putting on your amulet of the acrobat. x5
You finish putting on your amulet of the acrobat.
You feel ready to tumble and roll out of harm's way.
g - an amulet of the acrobat (around mantle)
You see here a dart slug corpse.
There is an open door here.
You see here a ball python corpse.
You now have 571 gold pieces (gained 12).
You open the door.
There is an open door here.
There is an open door here.
s - 4 stones (gained 2)
You see here a +0 whip.
You see here a +0 whip.
A dart slug comes into view.
Health restored: 23 A dart slug is nearby!
A rat comes into view.
The helpless dart slug fails to defend itself.
You tentacle-slap the dart slug. You grab the dart slug.
You tentacle-slap the dart slug. You squeeze the dart slug.
You constrict the dart slug, but do no damage.
The dart slug barely misses you.
Unknown command.
You tentacle-slap the dart slug.
You kill the dart slug!
You tentacle-slap the rat but do no damage.
Your grab misses the rat. The rat bites you.
You take 1 damage, and have 22/23 hp.
You tentacle-slap the rat.
You kill the rat!
No target in view!
No target in view!
You see here a dart slug corpse.
A kobold comes into view. It is wielding a +0 short sword.
The kobold shouts!
Health restored: 23 A kobold is nearby!
The kobold closely misses you.
Unknown command.
You tentacle-slap the kobold.
You kill the kobold!
No target in view!
No target in view!
No target in view!
Found an escape hatch in the floor.
There is an escape hatch in the floor here.
You open the door.
There is an open door here.
As you open the door, it creaks loudly!
A quokka comes into view.
Things that are here:
2 scrolls of acquirement; a staff of conjuration Unknown command.
The helpless quokka fails to defend itself.
You tentacle-slap the quokka.
You kill the quokka!
No target in view!
No target in view!
No target in view!
W - a ring of willpower
h - a lumpy sapphire potion
s - 10 stones (gained 6)
i - 2 scrolls of acquirement;
j - a staff of conjuration
There is an open door here.
There is an open door here.
You see here a ball python skeleton.
There is an open door here.
You open the door.
There is an open door here.
An endoplasm comes into view.
As you read the scroll labelled ATISUPR BUVEAW, it crumbles to dust.
It is a scroll of amnesia.
Really abort (and waste the scroll)?
Okay, then.
Unknown command.
The helpless endoplasm fails to defend itself.
You tentacle-slap the endoplasm. The endoplasm hits you.
You take 3 damage, and have 20/23 hp.
You tentacle-slap the endoplasm.
You kill the endoplasm!
No target in view!
No target in view!
Something appears before you!
Z - a ring of wizardry {Wiz+, !d}
There is an open door here.
You see here a ball python skeleton.

.........##.##..#....# #..#
.........##.#...'....# #..#
........)##.#..##....# #..#
#####....##.....'....# #..#
#....####.###....####..#
#....# #.# #....'.#####
#....# #.# #....#.# #
####....####รท###....#.# #
#.........@...##....#.# ##
#.............##....#.# ##.
#.............##....#.###..
#.............#######..#..#
#.............# ##.....
############.## ##...#
##### #.# #>.)# #...#
#.####### #.#.#
#...###.......# #.#.#


There were no monsters in sight!

Vanquished Creatures
  A gnoll (D:1)
  2 dart slugs (D:1)
  2 endoplasms (D:1)
  A giant cockroach (D:1)
  2 goblins (D:1)
  A quokka (D:1)
  2 ball pythons (D:1)
  5 bats (D:1)
  A frilled lizard (D:1)
  2 kobolds (D:1)
  A rat (D:1)
20 creatures vanquished.

Notes
Turn   | Place    | Note
-------+----------+-------------------------------------------
     0 | D:1      | OTABOTABOTAB the Octopode Transmuter began the quest for
                  | the Orb.
     0 | D:1      | Reached XP level 1. HP: 13/13 MP: 3/3
    29 | D:1      | Reached XP level 2. HP: 5/18 MP: 3/5
   467 | D:1      | Identified a scroll of acquirement
   467 | D:1      | Acquired 548 gold pieces
   509 | D:1      | Reached XP level 3. HP: 19/23 MP: 6/6
   874 | D:1      | Acquired a ring of wizardry
   897 | D:1      | Quit the game

Illustrated notes

Levels and vault maps discovered:
D:1:      giann_bridges, layout_basic

Action                   || total
-------------------------++-------
Melee: Unarmed           ||    32
       Constrict         ||     9
       Kick              ||     5
       Tentacles         ||     5
       Punch             ||     3
Throw: Stone             ||     4
 Cast: Beastly Appendage ||     5
 Abil: End Transformatio ||     4
  Use: Scroll            ||     3
 Stab: Sleeping          ||     5
Armor: Skin              ||     3
Dodge: Dodged            ||    25

Table legend: (Time is in decaauts)
 A = Elapsed time spent in this place.
 B = Non-inter-level travel time spent in this place.
 C = Inter-level travel time spent in this place.
 D = Time resting spent in this place.
 E = Time spent auto-exploring this place.
 F = Levels seen in this place.
 G = Mean time per level.
                   A        B        C        D        E       F      G
               +--------+--------+--------+--------+--------+-----+--------+
         Total |    895 |    874 |     21 |      0 |    712 |   1 |  895.0 |
       Dungeon |    895 |    874 |     21 |      0 |    712 |   1 |  895.0 |
               +--------+--------+--------+--------+--------+-----+--------+

Top non-repeatable levels by time:
     D:1: 895 daAuts

Table legend:
 A = Kills in this place as a percentage of kills in entire the game.
 B = Kills by you in this place as a percentage of kills by you in the entire game.
 C = Kills by friends in this place as a percentage of kills by friends in the entire game.
 D = Other kills in this place as a percentage of other kills in the entire game.
 E = Experience gained in this place as a percentage of experience gained in the entire game.
 F = Experience gained in this place divided by the number of levels of this place that you have seen.
                   A       B       C       D       E      F
               +-------+-------+-------+-------+-------+----------------------
         Total | 100.0 | 100.0 |   N/A |   N/A | 100.0 |  50.0
       Dungeon | 100.0 | 100.0 |   N/A |   N/A | 100.0 |  50.0
               +-------+-------+-------+-------+-------+----------------------
